 Dungeon Crawl Stone Soup version 0.22.1-1-ga44c0e5 (webtiles) character file.

3509 Irenicus the Cleaver (level 9, -1/73 HPs)
             Began as a Deep Dwarf Warper on Sept 25, 2018.
             Killed by nerve-wracking pain
             ... invoked by a shadow imp
              (10 damage)
             ... on level 8 of the Dungeon.
             The game lasted 00:35:18 (4332 turns).

Irenicus the Cleaver (Deep Dwarf Warper)            Turns: 4332, Time: 00:35:18

Health: -1/73      AC: 10    Str: 10 (13) XL:     9   Next: 81%
Magic:  7/9        EV: 12    Int: 14      God:
Gold:   350        SH:  0    Dex: 17      Spells: 8/12 levels left

rFire    + . .     SeeInvis .   a - +0 hand axe
rCold    . . .     Gourm    .   (no shield)
rNeg     . . .     Faith    .   v - +3 leather armour
rPois    +         Spirit   .   i - +2 hat
rElec    .         Reflect  .   (no cloak)
rCorr    .         Harm     .   k - +1 pair of gloves
MR       +....                  (no boots)
Stlth    ++........             (no amulet)
HPRegen  0.00/turn              g - +2 ring of dexterity
MPRegen  0.11/turn              (no ring)

@: shrouded, non-regenerating
A: damage resistance, heal wounds, fire resistance 1, sense surroundings 2,
poison resistance, weak 1, no regeneration
a: Heal Wounds


You were on level 8 of the Dungeon.
You were not hungry.

You visited 2 branches of the dungeon, and saw 9 of its levels.
You also visited: Ossuary.

You collected 350 gold pieces.

Inventory:

Hand Weapons
 a - a +0 hand axe (weapon)
Armour
 i - a +2 hat (worn)
 k - a +1 pair of gloves (worn)
 q - a +2 shield
 v - a +3 leather armour (worn)
Jewellery
 g - a +2 ring of dexterity (left hand)
 x - an uncursed ring of ice
Wands
 e - a wand of enslavement (9)
 m - a wand of scattershot (3)
 n - a wand of flame (31)
 r - a wand of polymorph (18)
Scrolls
 c - a scroll of amnesia
 d - a scroll of blinking
 h - 6 scrolls of identify
 j - 2 scrolls of fear
 o - 2 scrolls of teleportation
 s - a scroll of magic mapping {unknown}
 u - a scroll of enchant weapon {unknown}
 w - 3 scrolls of remove curse
 y - a scroll of noise {unknown}
Potions
 b - a potion of mutation
 l - 3 potions of curing
 p - a potion of magic {unknown}
 t - 4 potions of agility
Comestibles
 f - 14 rations


   Skills:
 - Level 1.8 Fighting
 - Level 14.2 Axes
 - Level 0.8 Throwing
 - Level 1.1 Armour
 + Level 2.6 Dodging
 - Level 1.1 Stealth
 - Level 2.0 Spellcasting
 - Level 1.1 Charms
 - Level 3.3 Translocations
 + Level 2.7 Evocations


You had 8 spell levels left.
You knew the following spells:

 Your Spells              Type           Power        Failure   Level  Hunger
a - Shroud of Golubria    Chrm/Tloc      #.........   21%         2    ###....
b - Blink                 Tloc           N/A          12%         2    ###....

Your spell library contained the following spells:

 Spells                   Type           Power        Failure   Level  Hunger
 Gell's Gravitas          Tloc           ##........   24%         3    ####...
 Lesser Beckoning         Tloc           ##........   24%         3    ####...
 Teleport Other           Tloc           ##......     24%         3    ####...
 Passage of Golubria      Tloc           N/A          63%         4    #####..


Dungeon Overview and Level Annotations

Branches:
Dungeon (8/15)             Temple (1/1) D:6
   Lair: D:8-11

Altars:
Cheibriados
Dithmenos
Elyvilon
Kikubaaqudgha
Nemelex Xobeh
Okawaru
Qazlal
Ru
Sif Muna
Trog
Uskayaw
Vehumet
Wu Jian
Xom
Yredelemnul
Zin
The Shining One


Innate Abilities, Weirdness & Mutations

You are resistant to damage.
You can heal yourself by infusing magical energy.
You passively map the area around you.
You do not regenerate.
Your flesh is heat resistant. (rF+)
Your system is resistant to poisons. (rPois)
You are weak. (Str -2)


Message History

Your +0 hand axe glows pulsating scarlet for a moment.
It was a scroll of random uselessness.
A shadow imp comes into view.
The shadow imp shouts!
Casting: Shroud of Golubria (safe; 21% risk of failure)
Confirm with . or Enter, or press ? or * to list all spells.
Space distorts slightly along a thin shroud covering your body.
You hit the shadow imp.
The shadow imp is heavily wounded.
The shadow imp hits you but does no damage.
You closely miss the shadow imp.
The shadow imp is heavily wounded.
Your leather armour prevents you from hitting the shadow imp.
The shadow imp is heavily wounded.
The shadow imp closely misses you.
You hit the shadow imp.
The shadow imp is almost dead.
The shadow imp gestures at you. Pain shoots through your body!
You die...

** ########## , , ,,
........# * * *
*#.##.##.##### *
#.##.##.##..< ,*
#............ *,
############.##.##.##.##
......5@........##.##.#
,*.###########.......##.##
* , #.#.......... *, ,
########.##.#####... *
#........##.# #.##
#.#########.# #... #># #.#
#.## #.#.# #.# #.# #.#
#.#.# #.# #.# #.#


You could see a shadow imp.

Vanquished Creatures
  A two-headed ogre (D:5)
  Grinder (D:4)
  A spriggan (D:7)
  A water moccasin (D:2)
  2 ogres
  A phantom (D:6)
  2 centaurs
  3 bullfrogs
  10 scorpions (Ossuary)
  7 killer bees (D:8)
  A howler monkey (D:4)
  4 centaur zombies
  An orc priest (D:3)
  An orc wizard (D:4)
  A hound (D:8)
  2 jellies
  A bullfrog skeleton (D:4)
  An iguana (D:7)
  2 worker ants (D:4)
  2 big kobold zombies (Ossuary)
  A hound zombie (D:4)
  A hound skeleton (D:6)
  2 howler monkey zombies
  3 mummies (Ossuary)
  3 worker ant zombies
  A gnoll (D:6)
  7 scorpion zombies (Ossuary)
  5 adders
  A shadow imp (D:7)
  An adder skeleton (D:4)
  5 adder zombies
  A worm (D:3)
  A dart slug (D:3)
  4 leopard geckos
  11 orcs
  3 giant cockroaches
  5 goblins
  5 hobgoblins
  7 jackals
  3 quokkas
  3 ball pythons
  6 bats
  5 frilled lizards
  3 gnoll zombies (Ossuary)
  5 goblin zombies (Ossuary)
  2 jackal skeletons (D:4)
  6 kobolds
  3 kobold zombies (Ossuary)
  A leopard gecko zombie (D:5)
  3 orc zombies (Ossuary)
  A quokka skeleton (D:4)
  A quokka zombie (D:5)
  4 rats
158 creatures vanquished.

Vanquished Creatures (collateral kills)
  A killer bee (D:8)
  A hound zombie (D:6)
2 creatures vanquished.

Vanquished Creatures (others)
  A sky beast (D:8)
  A black bear (D:8)
  An ogre (D:8)
  A killer bee (D:8)
4 creatures vanquished.

Grand Total: 164 creatures vanquished

Notes
Turn   | Place    | Note
-------+----------+-------------------------------------------
     0 | D:1      | Irenicus the Deep Dwarf Warper began the quest for the Orb.
     0 | D:1      | Reached XP level 1. HP: 19/19 MP: 3/3
    89 | D:1      | Reached XP level 2. HP: 20/26 MP: 5/5
   158 | D:1      | Reached skill level 3 in Axes
   166 | D:1      | Learned a level 2 spell: Shroud of Golubria
   393 | D:2      | Reached XP level 3. HP: 31/32 MP: 3/6
   514 | D:3      | Reached skill level 4 in Axes
   514 | D:3      | Reached skill level 1 in Charms
   514 | D:3      | Reached XP level 4. HP: 26/39 MP: 5/7
   642 | D:2      | Found a basalt altar of Yredelemnul.
   777 | D:2      | Noticed a water moccasin
   809 | D:2      | Killed a water moccasin
   809 | D:2      | Reached skill level 5 in Axes
   809 | D:2      | Reached XP level 5. HP: 22/45 MP: 1/8
   941 | D:4      | Found an ancient bone altar of Kikubaaqudgha.
   952 | D:4      | Reached skill level 6 in Axes
   998 | D:4      | Reached XP level 6. HP: 30/52 MP: 7/9
  1030 | D:4      | Reached skill level 7 in Axes
  1329 | D:4      | Reached skill level 1 in Stealth
  1427 | D:4      | Reached skill level 8 in Axes
  1427 | D:4      | Reached XP level 7. HP: 16/58 MP: 6/10
  1464 | D:4      | Noticed Grinder
  1494 | D:4      | Killed Grinder
  1494 | D:4      | Reached skill level 9 in Axes
  1551 | D:5      | Entered Level 5 of the Dungeon
  1729 | D:5      | Learned a level 2 spell: Blink
  1854 | D:5      | Noticed a two-headed ogre
  1875 | D:5      | Killed a two-headed ogre
  1875 | D:5      | Reached skill level 11 in Axes
  1875 | D:5      | Reached XP level 8. HP: 33/67 MP: 11/11
  1931 | D:5      | Found a glowing golden altar of the Shining One.
  2238 | D:6      | Reached skill level 1 in Evocations
  2344 | D:6      | Found an iron altar of Okawaru.
  2381 | D:6      | Found a staircase to the Ecumenical Temple.
  2586 | Temple   | Entered the Ecumenical Temple
  2679 | D:6      | Found a white marble altar of Elyvilon.
  2743 | D:6      | Reached skill level 12 in Axes
  3008 | D:7      | Gained mutation: You passively map the area around you.
                  | [Deep Dwarf growth]
  3008 | D:7      | Reached XP level 9. HP: 28/73 MP: 6/11
  3160 | D:7      | HP: 1/73 [spriggan baker/dagger (10)]
  3259 | D:7      | Found a sand-covered staircase.
  3268 | Ossuary  | Entered an ossuary
  3490 | Ossuary  | Reached skill level 13 in Axes
  3559 | Ossuary  | HP: 3/73 [spear trap (12)]
  3571 | Ossuary  | Gained mutation: Your flesh is heat resistant. (rF+)
                  | [potion of mutation]
  3571 | Ossuary  | Gained mutation: You are weak. (Str -2) [potion of
                  | mutation]
  3571 | Ossuary  | Gained mutation: Your system is resistant to poisons.
                  | (rPois) [potion of mutation]
  3668 | Ossuary  | HP: 3/73 [mummy (8)]
  3775 | D:7      | You fall through a shaft!
  4063 | D:8      | Reached skill level 14 in Axes
  4332 | D:8      | Killed from afar by a shadow imp

Skill      XL: |  1  2  3  4  5  6  7  8  9 |
---------------+----------------------------+-----
Spellcasting   | 2 |  2.0
Axes           | 3 4 5 6 8 11 12 14 | 14.2
Charms         | 1 |  1.1
Stealth        | 1 |  1.1
Evocations     | 1 2 |  2.7
Fighting       | |  1.8
Throwing       | |  0.8
Armour         | |  1.1
Dodging        | |  2.6
Translocations | |  3.3

Action                   |  1- 3 |  4- 6 |  7- 9 || total
-------------------------+-------+-------+-------++-------
Melee: Hand axe          |   109 |   215 |   621 ||   945
Throw: Tomahawk          |       |     2 |     3 ||     5
 Cast: Shroud of Golubri |     5 |    24 |    58 ||    87
       Blink             |       |       |     3 ||     3
 Abil: Heal Wounds       |       |     5 |    13 ||    18
Evoke: Wand              |       |       |    13 ||    13
  Use: Potion            |     2 |     1 |    11 ||    14
       Scroll            |       |     6 |     6 ||    12
 Stab: Sleeping          |       |     3 |     3 ||     6
       Invisible         |       |       |    14 ||    14
  Eat: Chunk             |       |     4 |     7 ||    11
       Ration            |       |       |     3 ||     3
Armor: Leather armour    |    34 |    77 |   167 ||   278
Dodge: Dodged            |    68 |   139 |   327 ||   534
